 Dungeon Crawl Stone Soup version 0.19.1 (webtiles) character file.

240 Routine the Slasher (level 5, -1/61 HPs)
             Began as a Demonspawn Fighter on Nov 26, 2016.
             Was an Initiate of Okawaru.
             Slain by an ogre
             ... wielding a +0 giant club
              (20 damage)
             ... on level 4 of the Dungeon.
             The game lasted 00:06:19 (2325 turns).

Routine the Slasher (Demonspawn Fighter)            Turns: 2325, Time: 00:06:19

Health: -1/61      AC: 22    Str: 21    XL:     5   Next: 79%
Magic:  5/5        EV:  2    Int: 10    God:    Okawaru [......]
Gold:   57         SH:  0    Dex: 13    Spells: 0 memorised, 4 levels left

rFire  . . .     SeeInvis .     a - +0 long sword
rCold  . . .     Gourm    .     (armour currently unavailable)
rNeg   + + +     Faith    .     (no shield)
rPois  +         Spirit   .     (helmet currently unavailable)
rElec  .         Reflect  .     (cloak currently unavailable)
rCorr  .         Harm     .     (gloves currently unavailable)
MR     .....     Clarity  +     (boots currently unavailable)
Stlth  +......... NoTele   +    (no amulet)
                                (no ring)
                                r - ring of flight

@: mighty, tree-form
A: clarity, mutation resistance 1, powered by death 1, (sanguine armour 0)
a: Renounce Religion


You were on level 4 of the Dungeon.
You worshipped Okawaru.
Okawaru was noncommittal.
You were not hungry.
You were a tree.
You visited 1 branch of the dungeon, and saw 4 of its levels.

You collected 57 gold pieces.

Inventory:

Hand Weapons
 a - a +0 long sword (weapon)
Armour
 b - a +0 scale mail (melded)
 c - a +0 shield
 o - a +0 pair of boots (melded)
Jewellery
 e - an uncursed ring of fire {unknown}
 g - an uncursed ring of ice
 r - a ring of flight (left branch)
Scrolls
 h - 2 scrolls of blinking {unknown}
 i - a scroll of enchant armour {unknown}
 j - 8 scrolls of identify
 k - 3 scrolls of teleportation {unknown}
 m - a scroll of immolation {unknown}
 n - 2 scrolls of fog {unknown}
 q - a scroll of random uselessness {unknown}
 s - a scroll of enchant weapon {unknown}
 u - 2 scrolls of remove curse {unknown}
Comestibles
 f - 2 bread rations
 p - a fruit


   Skills:
 - Level 3.0 Fighting
 + Level 5.6 Long Blades
 - Level 2.6 Armour
 - Level 2.6 Shields


You had 4 spell levels left.
You didn't know any spells.

Dungeon Overview and Level Annotations

Branches:
Dungeon (4/15)
 Temple: D:4-7

Altars:
Okawaru
Vehumet


Innate Abilities, Weirdness & Mutations

You regenerate a little health from kills.
((When seriously injured, your bleeding wounds create armour. (AC +0)))
You possess an exceptional clarity of mind.
You are somewhat resistant to further mutation.


Message History

The ogre hits you but does no damage.
You feel very mighty all of a sudden. The ogre hits you with a giant club!
You hit the ogre.
The ogre is lightly wounded.
The ogre hits you but does no damage.
You closely miss the ogre.
The ogre is lightly wounded.
The ogre hits you with a giant club!
* * * LOW HITPOINT WARNING * * *
You barely miss the ogre.
The ogre is lightly wounded.
A frilled lizard comes into view.
It was a potion of curing.
You feel better.
The frilled lizard hisses angrily.
The ogre hits you but does no damage.
You closely miss the ogre.
The ogre is lightly wounded.
The ogre hits you with a giant club!!
You die...

.# #(# #.....#.#
#.# ## #.#
#.....#.# #.# # .#
#.#
####..l..#.####.#
##.#
................#
##.#
####....########
...# ##[### ...#
#.# ...# #.# ...#
#♣# ...#### #O#
...oo.# #O#
...##.##########o#
#####.....o.....o#
##############


You could see 2 ogres, 2 orcs and a frilled lizard.

Vanquished Creatures
  2 orc priests
  Ijyb (D:2)
  Terence (D:2)
  5 adders
  2 oozes (D:1)
  A worm (D:2)
  A dart slug (D:2)
  A leopard gecko (D:2)
  4 orcs
  2 ball pythons
  12 bats
  4 giant cockroaches
  5 hobgoblins
  6 jackals
  2 quokkas (D:4)
  2 frilled lizards
  6 goblins
  8 kobolds
  7 rats
72 creatures vanquished.

Notes
Turn   | Place    | Note
-------+----------+-------------------------------------------
     0 | D:1      | Routine the Demonspawn Fighter began the quest for the Orb.
     0 | D:1      | Reached XP level 1. HP: 18/18 MP: 1/1
    28 | D:1      | Reached skill level 2 in Long Blades
   153 | D:1      | Gained mutation: When seriously injured, your bleeding wounds create armour. (AC +0) [demonic ancestry]
   153 | D:1      | Reached XP level 2. HP: 16/24 MP: 2/2
   336 | D:1      | Reached skill level 3 in Long Blades
   372 | D:1      | Gained mutation: You regenerate a little health from kills. [demonic ancestry]
   372 | D:1      | Reached XP level 3. HP: 23/29 MP: 3/3
   806 | D:2      | Noticed Terence
   818 | D:2      | Killed Terence
   818 | D:2      | Reached skill level 4 in Long Blades
   818 | D:2      | Reached XP level 4. HP: 21/35 MP: 4/4
   840 | D:2      | Noticed Ijyb
   856 | D:2      | Killed Ijyb
  1425 | D:3      | Reached XP level 5. HP: 40/41 MP: 5/5
  1672 | D:3      | Found a radiant altar of Vehumet.
  1689 | D:3      | Reached skill level 5 in Long Blades
  1890 | D:4      | Noticed an ogre
  1989 | D:4      | Found an iron altar of Okawaru.
  2032 | D:4      | Became a worshipper of Warmaster Okawaru
  2279 | D:4      | Gained mutation: You possess an exceptional clarity of mind. [potion of mutation]
  2279 | D:4      | Gained mutation: You are somewhat resistant to further mutation. [potion of mutation]
  2287 | D:4      | Noticed an ogre
  2325 | D:4      | Slain by an ogre

Skill      XL: |  1  2  3  4  5 |
---------------+----------------+-----
Long Blades    | 2 3 4 5 |  5.6
Fighting       | |  3.0
Armour         | |  2.6
Shields        | |  2.6

Action                   |  1- 3 |  4- 6 || total
-------------------------+-------+-------++-------
Melee: Long sword        |   109 |   172 ||   281
  Use: Potion            |       |     8 ||     8
       Scroll            |       |     1 ||     1
  Eat: Chunk             |       |     5 ||     5
Armor: Scale mail        |    93 |    95 ||   188
       Skin              |       |     3 ||     3
Dodge: Dodged            |    84 |   105 ||   189
       Rpst.: Long sword |    34 |    25 ||    59
